 Dungeon Crawl Stone Soup version 0.30-a0-168-g0b976cbdc4 (webtiles) character file.

Game seed: 14746779203392371407

2022 qw the Cleaver (level 9, 0/54 HPs)
             Began as a Gargoyle Fighter on Sept 29, 2022.
             Slain by a howler monkey (5 damage)
             ... on level 7 of the Dungeon.
             The game lasted 00:02:48 (7483 turns).

qw the Cleaver (Gargoyle Fighter)                   Turns: 7483, Time: 00:02:49

Health: 0/54       AC: 11    Str: 24    XL:     9   Next: 23%
Magic:  9/9        EV:  5    Int:  9    God:
Gold:   459        SH:  9    Dex:  9    Spells: 8/8 levels left

rFire   . . .      SeeInvis .    Y - +1 war axe
rCold   . . .      Faith    .    g - +0 kite shield
rNeg    + . .      Spirit   .    k - +0 plate armour
rPois   inf        Reflect  .    h - +1 hat
rElec   +          Harm     .    (no cloak)
rCorr   .          Rampage  .    (no gloves)
Will    .....                    (no boots)
Stlth   ..........               (no amulet)
HPRegen 0.18/turn                (no ring)
MPRegen 0.11/turn                (no ring)

@: corroded
A: sickness immunity, AC +6, negative energy resistance 1, electricity
resistance, torment resistance 1, petrification resistance
a: no special abilities


You were on level 7 of the Dungeon.
You visited 2 branches of the dungeon, and saw 8 of its levels.

You collected 459 gold pieces.


Innate Abilities, Weirdness & Mutations

You are immune to sickness and miasma.
Your stone body is resilient. (AC +6)
You are immune to poison.
You resist negative energy. (rN+)
You are resistant to electric shocks. (rElec)
You are resistant to unholy torment.
You are immune to petrification.


   Skills:
 + Level 5.4 Fighting
 - Level 8.0 Axes
 - Level 2.0 Throwing
 - Level 4.7 Armour
 - Level 1.0 Dodging
 - Level 7.0 Shields


You had 8 spell levels left.
You didn't know any spells.
Your spell library was empty.

Inventory:

Hand Weapons
 r - a +0 flail
 Y - a +1 war axe (weapon)
Missiles
 i - 6 boomerangs (quivered)
Armour
 g - a +0 kite shield (worn)
 h - a +1 hat (worn)
 k - a +0 plate armour (worn)
Jewellery
 b - a ring of fire
Scrolls
 p - a scroll of identify
Potions
 a - a potion of mutation
 d - 4 potions of might
 e - a potion of lignification
 l - 2 potions of haste
 n - a potion of cancellation {unknown}

Dungeon Overview and Level Annotations

Branches:
Dungeon (7/15)             Temple (1/1) D:6

Altars:
Cheibriados
Dithmenos
Elyvilon
Fedhas
Gozag
Hepliaklqana
Makhleb
Nemelex Xobeh
Qazlal
Ru
Sif Muna
Trog
Uskayaw
Xom
Yredelemnul
Zin
The Shining One

Annotations:
D:5 1 runed translucent door, Crazy Yiuf
D:6 2 runed translucent doors


Message History

The acid dragon claws you.
The acid dragon bites you but does no damage.
You block the acid dragon's attack.
You slash the acid dragon!
The acid dragon is almost dead.
The acid dragon spits acid at you. You block the splash of acid.
You hear an angry buzzing noise.
You hit the acid dragon.
The acid dragon is almost dead.
The acid dragon spits acid at you. The splash of acid hits you.
The acid corrodes you!
You closely miss the acid dragon.
The acid dragon is almost dead.
You closely miss the howler monkey.
The acid dragon bites you but does no damage.
You block the acid dragon's attack.
The howler monkey hits you but does no damage.
You block the acid dragon's attack.
The acid dragon claws you but does no damage.
You barely miss the acid dragon.
The acid dragon is almost dead.
You hit the howler monkey. You block the howler monkey's attack.
The howler monkey hits you but does no damage.
You block the acid dragon's attack.
The acid dragon claws you but does no damage.
You hit the acid dragon but do no damage.
The acid dragon is almost dead.
You hit the howler monkey.
The howler monkey hits you but does no damage.
You block the acid dragon's attack. The acid dragon claws you.
You slash the acid dragon!
You kill the acid dragon!
The acid dragon scales are intact enough to wear.
You hit the howler monkey but do no damage.
The howler monkey hits you but does no damage.
An ice beast comes into view.
The howler monkey hits you.
You die...

#######
#.....#
#.....#
#.....#
#.....#
#@h...#
#[..%.#
.D.......#
.............
..Y...#######
......#
......#
.......# ###


You could see an ice beast (wandering) and a howler monkey.

Vanquished Creatures
  Sigmund (D:6)
  An acid dragon (D:7)
  Duvessa (D:6)
  3 sky beasts
  An ice beast (D:6)
  2 ogres
  A phantom (D:5)
  3 scorpions
  Dowan (D:6)
  2 howler monkeys
  5 hounds
  2 jellies
  4 orc priests
  An iron imp (D:4)
  3 iguanas
  4 orc wizards
  7 gnolls (D:4)
  13 adders
  3 white imps
  An ufetubus (D:4)
  2 worms
  2 dart slugs (D:5)
  24 orcs
  4 bats
  An endoplasm (D:1)
  3 giant cockroaches
  5 goblins
  10 hobgoblins
  4 jackals (D:2)
  3 quokkas
  7 ball pythons
  2 frilled lizards
  6 kobolds
  2 rats
134 creatures vanquished.

Notes
Turn   | Place    | Note
-------+----------+-------------------------------------------
     0 | D:1      | qw the Gargoyle Fighter began the quest for the Orb.
     0 | D:1      | Reached XP level 1. HP: 14/14 MP: 1/1
     0 | D:1      | 0 ||| qw: Version: 0.2-a-12-gaebbb33
     0 | D:1      | 0 ||| qw: Game counter: 1221
     0 | D:1      | 0 ||| qw: Always use a shield: true
     0 | D:1      | 0 ||| qw: God list: Okawaru
     0 | D:1      | 0 ||| qw: Allow faded altars: false
     0 | D:1      | 0 ||| qw: Do Orc after D:15 true
     0 | D:1      | 0 ||| qw: Do second Lair branch before Depths: true
     0 | D:1      | 0 ||| qw: Lair rune preference: random
     0 | D:1      | 0 ||| qw: Plans: Normal, Zot:1-4, God:TSO, Crypt, Tomb,
                  | Pan, Slime:5, Hells, Abyss, Orb
     0 | D:1      | 0 ||| PLANNING D:1-11
    31 | D:1      | Reached skill level 2 in Axes
   301 | D:1      | Reached XP level 2. HP: 14/19 MP: 2/2
   560 | D:1      | 560 ||| DROPPING +0 club.
   872 | D:1      | Reached skill level 3 in Axes
   939 | D:1      | 939 ||| READING scroll labelled JIUGIFAHAD.
   943 | D:1      | 943 ||| READING 3 scrolls labelled XEXZUH ASU.
   944 | D:1      | 944 ||| READING scroll labelled CUHITID ELEY.
   945 | D:1      | 945 ||| READING scroll labelled PUCIGI CING.
   946 | D:1      | 946 ||| DRINKING 2 glowing sapphire potions.
   947 | D:1      | 947 ||| DROPPING 2 scrolls of blinking.
  1004 | D:2      | Reached XP level 3. HP: 19/23 MP: 3/3
  1148 | D:2      | 1148 ||| Stepping ~*~*~tactically~*~*~ (stealth).
  1173 | D:2      | 1173 ||| Stepping ~*~*~tactically~*~*~ (stealth).
  1174 | D:2      | 1174 ||| Stepping ~*~*~tactically~*~*~ (stealth).
  1445 | D:2      | Reached XP level 4. HP: 28/28 MP: 4/4
  1524 | D:2      | Reached skill level 4 in Axes
  1934 | D:2      | Reached skill level 1 in Throwing
  2035 | D:2      | 2035 ||| READING 2 scrolls labelled JUTOAV GENA.
  2036 | D:2      | 2036 ||| READING scroll labelled DIARYTH VEOGH.
  2137 | D:2      | 2137 ||| READING scroll labelled UCHUEB FUIR.
  2138 | D:2      | 2138 ||| READING scroll labelled REUSSIO SIENLULUT.
  2139 | D:2      | 2139 ||| DRINKING 2 amethyst potions.
  2140 | D:2      | 2140 ||| DRINKING 2 golden potions.
  2141 | D:2      | 2141 ||| DROPPING potion of flight.
  2142 | D:2      | 2142 ||| DROPPING scroll of immolation.
  2143 | D:2      | 2143 ||| DROPPING potion of degeneration.
  2195 | D:3      | 2195 ||| Stepping ~*~*~tactically~*~*~ (stealth).
  2261 | D:3      | Noticed a golden eye
  2265 | D:3      | Found a faded altar of an unknown god.
  2267 | D:3      | Noticed a golden eye
  2267 | D:3      | Noticed a golden eye
  2267 | D:3      | Noticed a shining eye
  2435 | D:3      | HP: 7/28 [orc wizard/+0 dagger (3)]
  2436 | D:3      | 2436 ||| READING 3 scrolls of teleportation.
  2437 | D:3      | 2437 ||| DRINKING 2 potions of heal wounds.
  2440 | D:3      | Reached XP level 5. HP: 23/32 MP: 5/5
  2794 | D:3      | 2794 ||| UPGRADING to +0 kite shield.
  2804 | D:3      | 2804 ||| DROPPING +0 buckler.
  2805 | D:3      | 2805 ||| READING scroll labelled TUTHACR GEF JYI.
  2806 | D:3      | 2806 ||| READING 2 scrolls of identify.
  2806 | D:3      | 2806 ||| IDENTIFYING fuming inky potion
  2838 | D:4      | Noticed an ogre
  2846 | D:4      | Killed an ogre
  2847 | D:4      | Reached XP level 6. HP: 24/37 MP: 6/6
  3086 | D:4      | 3086 ||| Stepping ~*~*~tactically~*~*~ (stealth).
  3087 | D:4      | 3087 ||| Stepping ~*~*~tactically~*~*~ (stealth).
  3100 | D:4      | Reached skill level 5 in Axes
  3113 | D:4      | Noticed a sky beast
  3136 | D:4      | Killed a sky beast
  3137 | D:4      | Reached XP level 7. HP: 30/44 MP: 7/7
  3322 | D:4      | Found a shadowy altar of Dithmenos.
  3398 | D:4      | 3398 ||| Stepping ~*~*~tactically~*~*~ (hiding).
  3475 | D:4      | 3475 ||| DROPPING +0 whip.
  3594 | D:4      | 3594 ||| Stepping ~*~*~tactically~*~*~ (stealth).
  3596 | D:4      | Reached skill level 1 in Dodging
  3597 | D:4      | 3597 ||| Stepping ~*~*~tactically~*~*~ (hiding).
  3606 | D:4      | 3606 ||| Stepping ~*~*~tactically~*~*~ (stealth).
  3692 | D:4      | 3692 ||| FLEEEEING.
  3731 | D:4      | Found a snail-covered altar of Cheibriados.
  3832 | D:4      | 3832 ||| UPGRADING to +0 plate armour.
  3842 | D:4      | 3842 ||| DROPPING +0 scale mail.
  3843 | D:4      | 3843 ||| READING scroll labelled PELAUSSISO.
  3844 | D:4      | 3844 ||| READING scroll labelled KUVVIP VOTHEEKH.
  3845 | D:4      | 3845 ||| DRINKING 4 red potions.
  3846 | D:4      | 3846 ||| DRINKING 3 pink potions.
  3847 | D:4      | 3847 ||| DROPPING 3 potions of invisibility.
  3858 | D:5      | Entered Level 5 of the Dungeon
  3878 | D:5      | Noticed a +0 dagger
  3878 | D:5      | Noticed a +0 spear
  3902 | D:5      | Noticed a +0 short sword
  3902 | D:5      | Noticed a +0 falchion
  3902 | D:5      | Noticed a +0 spear
  3902 | D:5      | Noticed a +0 short sword
  3903 | D:5      | Noticed a +0 dagger
  3903 | D:5      | Noticed a +0 falchion
  3908 | D:5      | Found a hide-covered altar of Uskayaw.
  4044 | D:5      | 4044 ||| Stepping ~*~*~tactically~*~*~ (stealth).
  4046 | D:5      | 4046 ||| Stepping ~*~*~tactically~*~*~ (stealth).
  4047 | D:5      | 4047 ||| Stepping ~*~*~tactically~*~*~ (stealth).
  4048 | D:5      | 4048 ||| Stepping ~*~*~tactically~*~*~ (stealth).
  4049 | D:5      | 4049 ||| Stepping ~*~*~tactically~*~*~ (stealth).
  4051 | D:5      | 4051 ||| Stepping ~*~*~tactically~*~*~ (stealth).
  4188 | D:5      | Reached skill level 6 in Axes
  4383 | D:5      | Reached skill level 6 in Shields
  4383 | D:5      | Reached XP level 8. HP: 16/48 MP: 8/8
  4384 | D:5      | HP: 12/48 [phantom (1)]
  4385 | D:5      | 4385 ||| Stepping ~*~*~tactically~*~*~ (stealth).
  4386 | D:5      | 4386 ||| READING 3 scrolls of teleportation.
  4388 | D:5      | 4388 ||| DRINKING 3 potions of heal wounds.
  4588 | D:5      | 4588 ||| Stepping ~*~*~tactically~*~*~ (stealth).
  4633 | D:5      | 4633 ||| Stepping ~*~*~tactically~*~*~ (stealth).
  4701 | D:5      | 4701 ||| Stepping ~*~*~tactically~*~*~ (stealth).
  4724 | D:5      | Reached skill level 7 in Axes
  4771 | D:5      | 4771 ||| FLEEEEING.
  4772 | D:5      | 4772 ||| FLEEEEING.
  4832 | D:5      | 4832 ||| Stepping ~*~*~tactically~*~*~ (stealth).
  5065 | D:5      | Found a runed translucent door.
  5066 | D:5      | Noticed Crazy Yiuf
  5262 | D:5      | 5262 ||| UPGRADING to +1 hat.
  5267 | D:5      | 5267 ||| READING 2 scrolls labelled UGAPTI IFATASMIR.
  5268 | D:5      | 5268 ||| READING 2 scrolls of identify.
  5268 | D:5      | 5268 ||| IDENTIFYING smoky sapphire potion
  5269 | D:5      | 5269 ||| DROPPING scroll of amnesia.
  5270 | D:5      | 5270 ||| DROPPING potion of magic.
  5367 | D:6      | 5367 ||| Stepping ~*~*~tactically~*~*~ (stealth).
  5432 | D:6      | 5432 ||| Stepping ~*~*~tactically~*~*~ (stealth).
  5464 | D:6      | Found a staircase to the Ecumenical Temple.
  5465 | D:6      | 5465 ||| PLANNING TEMPLE
  5465 | D:6      | 5465 ||| READING scroll labelled UHEXTOSTR COECI.
  5470 | Temple   | Entered the Ecumenical Temple
  5581 | Temple   | 5581 ||| PLANNING D:1-11
  5591 | D:6      | 5591 ||| Stepping ~*~*~tactically~*~*~ (stealth).
  5605 | D:6      | 5605 ||| FLEEEEING.
  5606 | D:6      | 5606 ||| FLEEEEING.
  5607 | D:6      | 5607 ||| FLEEEEING.
  5609 | D:6      | 5609 ||| FLEEEEING.
  5610 | D:6      | 5610 ||| FLEEEEING.
  5611 | D:6      | 5611 ||| FLEEEEING.
  5612 | D:6      | 5612 ||| FLEEEEING.
  5613 | D:6      | 5613 ||| FLEEEEING.
  5614 | D:6      | 5614 ||| FLEEEEING.
  5615 | D:6      | 5615 ||| FLEEEEING.
  5616 | D:6      | 5616 ||| FLEEEEING.
  5617 | D:6      | 5617 ||| FLEEEEING.
  5618 | D:6      | 5618 ||| FLEEEEING.
  5619 | D:6      | 5619 ||| FLEEEEING.
  5620 | D:6      | 5620 ||| FLEEEEING.
  5621 | D:6      | 5621 ||| FLEEEEING.
  5624 | D:6      | 5624 ||| STAIRDANCE
  6062 | D:6      | Found a basalt altar of Yredelemnul.
  6135 | D:6      | Found a white marble altar of Elyvilon.
  6186 | D:6      | 6186 ||| Stepping ~*~*~tactically~*~*~ (stealth).
  6203 | D:6      | 6203 ||| Stepping ~*~*~tactically~*~*~ (stealth).
  6204 | D:6      | Found a large runed translucent door.
  6206 | D:6      | Found a large runed translucent door.
  6293 | D:6      | Noticed Duvessa
  6308 | D:6      | Killed Duvessa
  6312 | D:6      | Noticed Dowan
  6313 | D:6      | 6313 ||| FLEEEEING.
  6326 | D:6      | 6326 ||| FLEEEEING.
  6330 | D:6      | 6330 ||| STAIRDANCE
  6422 | D:5      | 6422 ||| DROPPING amulet of faith.
  6423 | D:5      | 6423 ||| DROPPING ring of wizardry.
  6424 | D:5      | 6424 ||| READING 2 scrolls of identify.
  6424 | D:5      | 6424 ||| IDENTIFYING yellow potion
  6477 | D:6      | 6477 ||| Stepping ~*~*~tactically~*~*~ (stealth).
  6478 | D:6      | 6478 ||| Stepping ~*~*~tactically~*~*~ (stealth).
  6495 | D:6      | Killed Dowan
  6669 | D:6      | 6669 ||| Stepping ~*~*~tactically~*~*~ (stealth).
  6709 | D:6      | Noticed Sigmund
  6723 | D:6      | HP: 8/49 [orc priest/divine providence (11)]
  6723 | D:6      | HP: 2/49 [something (6)]
  6724 | D:6      | 6724 ||| READING 2 scrolls of teleportation.
  6725 | D:6      | 6725 ||| DRINKING 2 potions of heal wounds.
  6830 | D:6      | 6830 ||| Invisible monster not found???
  6892 | D:6      | Found a stormy altar of Qazlal.
  6934 | D:6      | 6934 ||| Stepping ~*~*~tactically~*~*~ (stealth).
  6936 | D:6      | 6936 ||| Stepping ~*~*~tactically~*~*~ (hiding).
  6949 | D:6      | Killed Sigmund
  6950 | D:6      | Reached XP level 9. HP: 43/54 MP: 9/9
  7034 | D:6      | Found a blossoming altar of Fedhas.
  7126 | D:6      | 7126 ||| Stepping ~*~*~tactically~*~*~ (hiding).
  7135 | D:6      | 7135 ||| Stepping ~*~*~tactically~*~*~ (stealth).
  7261 | D:6      | Reached skill level 8 in Axes
  7319 | D:6      | 7319 ||| READING 2 scrolls of identify.
  7319 | D:6      | 7319 ||| IDENTIFYING grey potion
  7320 | D:6      | 7320 ||| DROPPING potion of brilliance.
  7366 | D:7      | 7366 ||| Stepping ~*~*~tactically~*~*~ (hiding).
  7373 | D:7      | 7373 ||| Stepping ~*~*~tactically~*~*~ (hiding).
  7374 | D:7      | 7374 ||| Stepping ~*~*~tactically~*~*~ (hiding).
  7387 | D:7      | HP: 13/54 [orc warrior/+0 flail (2)]
  7388 | D:7      | 7388 ||| READING scroll of teleportation.
  7389 | D:7      | 7389 ||| DRINKING potion of heal wounds.
  7454 | D:7      | 7454 ||| Stepping ~*~*~tactically~*~*~ (stealth).
  7469 | D:7      | 7469 ||| Stepping ~*~*~tactically~*~*~ (stealth).
  7470 | D:7      | 7470 ||| Stepping ~*~*~tactically~*~*~ (stealth).
  7473 | D:7      | HP: 7/54 [acid dragon/splash of acid (21)]
  7479 | D:7      | HP: 6/54 [acid dragon/splash of acid (1)]
  7483 | D:7      | Slain by a howler monkey

Levels and vault maps discovered:
D:1:      lightli_iron_boxes, layout_basic
D:2:      layout_loops_ring, chequers_serial_rivers_small_a,
          minmay_snake_closets
D:3:      layout_basic, hellmonk_ecumenical_altar_watching_god
D:4:      layout_loops_ring, grunt_dithmenos_smoke, slow_altar_1
D:5:      layout_basic, nicolae_uskayaw_en_pointe, minmay_fractal_squares_5,
          uniq_crazy_yiuf_cottage
D:6:      layout_basic, mainiacjoe_overflow_paths, jmf_multi_god_temple2,
          marbit_many_paths, kennysheep_ying_yang, temple_doors_cd,
          minmay_crossroads, uniq_duvessa, uniq_sigmund
D:7:      layout_basic, minmay_ruined_shrine, uniq_pikel
Temple:   nicolae_temple_two_arcs

Skill      XL: |  1  2  3  4  5  6  7  8  9 |
---------------+----------------------------+-----
Axes           | 2 3 4 5 6 7 8 |  8.0
Throwing       | 1 2 |  2.0
Shields        | 4 5 6 7 |  7.0
Fighting       | 4 5 |  5.4
Dodging        | 1 |  1.0
Armour         | 4 |  4.7

Action                   |  1- 3 |  4- 6 |  7- 9 || total
-------------------------+-------+-------+-------++-------
Melee: War axe           |   108 |   111 |   301 ||   520
Throw: Javelin           |       |    16 |    20 ||    36
       Boomerang         |       |     7 |    36 ||    43
  Use: Scroll            |     4 |     7 |    10 ||    21
       Potion            |     1 |     3 |     5 ||     9
Armor: Scale mail        |    50 |    76 |    22 ||   148
       Plate armour      |       |       |   202 ||   202
Dodge: Dodged            |    52 |    40 |    57 ||   149
Block: Buckler           |    21 |    22 |       ||    43
       Kite shield       |       |    16 |   145 ||   161

Table legend:
 A = Non-vault XP
 B = Vault XP
 C = Vault XP percentage of total XP
 D = Non-vault monster count
 E = Vault monster count
 F = Vault count percentage of total count
                 A         B        C        D         E       F
            +---------+---------+-------+---------+---------+-------
      Total |    2161 |     881 |  29.0 |     115 |      19 |  14.2
            +---------+---------+-------+---------+---------+-------
        D:1 |      31 |       0 |   0.0 |      18 |       0 |   0.0
        D:2 |      29 |      68 |  70.1 |      10 |       7 |  41.2
        D:3 |     126 |       0 |   0.0 |      18 |       0 |   0.0
        D:4 |     504 |      40 |   7.4 |      22 |       1 |   4.3
        D:5 |     457 |     288 |  38.7 |      25 |       6 |  19.4
        D:6 |     756 |     485 |  39.1 |      17 |       5 |  22.7
        D:7 |     258 |       0 |   0.0 |       5 |       0 |   0.0
            +---------+---------+-------+---------+---------+-------
